General information
- name: BNet
- type: Ladder team game (AT/RT)
- host: Battle.net
- saver: BEAR_AND
map: Slalom
- players: 8
- length: 21:22
- speed: Fast
- version: 1.21 W3XP
- replay type:

» download(171 KB)
Players
team 1 (winner)
BEAR_AND (
yellow | 110 APM | 2357 actions | 21:22)
4 Pit Lord
2 Rain of Fire
2 Cleaving Attack
3 Pandaren Brewmaster
2 Breath of Fire
1 Drunken Haze
2 Goblin Tinker
1 Cluster Rockets
1 Engineering Upgrade
» actions
| Assign group hotkey | 6 | |
| Basic commands | 2 | |
| Build / train | 93 | |
| Enter build submenu | 56 | |
| Enter hero's abilities submenu | 9 | |
| Give item / drop item | 5 | |
| Remove unit from queue | 1 | |
| Right click | 1333 | |
| Select / deselect | 340 | |
| Select group hotkey | 362 | |
| Use ability | 149 | |
2357 total
» units
| Peasant | 10 | |
| Priest | 2 | |
| Dragonhawk Rider | 4 | |
16 total
» upgrades
| Masonry | 3 | |
| Lumber Harvesting | 3 | |
| Priest Training | 1 | |
| Magic Sentry | 1 | |
| Animal War Training | 1 | |
| Swords | 1 | |
| Armor | 1 | |
| Cloud | 1 | |
12 total
» buildings
| Lumber Mill | 1 | |
| Farm | 9 | |
| Scout Tower | 59 | |
| Altar of Kings | 1 | |
| Guard Tower | 33 | |
| Arcane Tower | 1 | |
| Keep | 2 | |
| Arcane Sanctum | 1 | |
| Gryphon Aviary | 2 | |
| Castle | 1 | |
| Arcane Vault | 2 | |
| Blacksmith | 1 | |
| Barracks | 1 | |
114 total
» build order
00:21 Lumber Mill
00:41 Farm
01:23 Scout Tower
01:24 Scout Tower
01:27 Scout Tower
01:31 Altar of Kings
01:47 Farm
01:52 Guard Tower
01:54 Arcane Tower
02:01 Scout Tower
02:03 Scout Tower
02:16 Guard Tower
02:39 Scout Tower
02:43 Scout Tower
02:45 Guard Tower
02:53 Guard Tower
03:04 Scout Tower
03:07 Scout Tower
03:10 Guard Tower
03:10 Guard Tower
03:12 Guard Tower
03:14 Scout Tower
03:42 Guard Tower
03:43 Scout Tower
03:50 Guard Tower
03:52 Scout Tower
03:54 Keep
03:54 Keep
04:30 Guard Tower
04:33 Scout Tower
04:37 Scout Tower
04:39 Scout Tower
04:41 Scout Tower
05:12 Guard Tower
05:15 Scout Tower
05:16 Scout Tower
05:33 Scout Tower
05:34 Scout Tower
05:47 Guard Tower
05:55 Guard Tower
05:56 Guard Tower
06:19 Guard Tower
06:21 Scout Tower
06:22 Scout Tower
06:24 Scout Tower
06:45 Arcane Sanctum
07:20 Farm
07:47 Farm
07:48 Gryphon Aviary
07:54 Guard Tower
08:09 Guard Tower
08:12 Scout Tower
08:13 Scout Tower
08:44 Guard Tower
08:48 Scout Tower
08:49 Scout Tower
08:50 Scout Tower
09:13 Castle
09:32 Arcane Vault
09:37 Arcane Vault
10:16 Guard Tower
10:17 Scout Tower
10:23 Scout Tower
10:24 Scout Tower
10:25 Scout Tower
10:37 Scout Tower
10:37 Scout Tower
10:38 Scout Tower
10:39 Scout Tower
10:39 Scout Tower
10:40 Scout Tower
11:14 Guard Tower
11:17 Scout Tower
11:18 Scout Tower
11:29 Guard Tower
12:58 Guard Tower
13:05 Gryphon Aviary
13:07 Guard Tower
13:40 Farm
13:41 Farm
13:42 Farm
13:43 Farm
13:44 Guard Tower
15:04 Farm
15:23 Blacksmith
15:25 Barracks
15:52 Scout Tower
15:52 Scout Tower
15:53 Scout Tower
17:22 Scout Tower
17:26 Scout Tower
17:27 Scout Tower
17:28 Scout Tower
17:29 Scout Tower
17:29 Scout Tower
17:30 Scout Tower
17:35 Guard Tower
17:36 Scout Tower
17:37 Scout Tower
18:08 Guard Tower
18:18 Guard Tower
18:23 Guard Tower
19:02 Guard Tower
19:10 Guard Tower
19:47 Scout Tower
19:54 Guard Tower
19:56 Scout Tower
19:57 Scout Tower
19:58 Scout Tower
19:59 Scout Tower
20:01 Scout Tower
20:02 Scout Tower
20:32 Guard Tower
» items
| Boots of Speed | 3 | |
| Staff of Teleportation | 4 | |
| Staff of Sanctuary | 3 | |
| Scroll of Regeneration | 1 | |
| Orb of Lightning | 1 | |
| Orb of Venom | 1 | |
13 total
bliNn (
pink | 93 APM | 1979 actions | 21:22)
3 Blademaster
2 Wind Walk
1 Critical Strike
3 Shadow Hunter
1 Hex
2 Healing Wave
1 Tauren Chieftain
1 Shockwave
» actions
| Assign group hotkey | 61 | |
| Basic commands | 1 | |
| Build / train | 55 | |
| Enter build submenu | 55 | |
| Enter hero's abilities submenu | 8 | |
| Give item / drop item | 4 | |
| Remove unit from queue | 1 | |
| Right click | 989 | |
| Select / deselect | 376 | |
| Select group hotkey | 291 | |
| Use ability | 137 | |
1979 total
» units
» upgrades
» buildings
| Altar of Storms | 1 | |
| Orc Burrow | 4 | |
| War Mill | 1 | |
| Watch Tower | 36 | |
| Stronghold | 2 | |
| Voodoo Lounge | 4 | |
| Beastiary | 2 | |
| Great Hall | 1 | |
| Fortress | 3 | |
54 total
» build order
00:02 Altar of Storms
00:09 Orc Burrow
00:53 War Mill
02:05 Watch Tower
02:07 Watch Tower
02:20 Orc Burrow
03:10 Watch Tower
03:20 Watch Tower
04:32 Watch Tower
04:35 Watch Tower
04:36 Stronghold
04:44 Orc Burrow
04:50 Voodoo Lounge
05:39 Watch Tower
05:43 Watch Tower
05:58 Watch Tower
06:01 Watch Tower
06:52 Watch Tower
07:11 Watch Tower
07:20 Beastiary
07:21 Beastiary
07:57 Watch Tower
08:18 Watch Tower
08:26 Watch Tower
08:39 Watch Tower
08:59 Watch Tower
09:02 Watch Tower
09:46 Watch Tower
10:19 Great Hall
10:29 Orc Burrow
10:36 Watch Tower
11:03 Watch Tower
11:45 Watch Tower
12:52 Watch Tower
12:54 Watch Tower
12:55 Watch Tower
12:56 Watch Tower
13:06 Watch Tower
13:07 Watch Tower
13:29 Fortress
13:29 Fortress
13:30 Fortress
14:53 Voodoo Lounge
15:17 Watch Tower
16:25 Watch Tower
16:26 Watch Tower
17:44 Watch Tower
17:45 Watch Tower
18:27 Watch Tower
18:30 Watch Tower
19:50 Voodoo Lounge
19:52 Watch Tower
19:56 Voodoo Lounge
» items
| Healing Salve | 2 | |
| Staff of Preservation | 2 | |
| Orb of Lightning | 2 | |
| Scroll of Speed | 1 | |
7 total
Gobiner (
purple | 64 APM | 1367 actions | 21:22)
3 Mountain King
2 Storm Bolt
1 Bash
2 Paladin
1 Holy Light
1 Divine Shield
» actions
| Assign group hotkey | 12 | |
| Basic commands | 9 | |
| Build / train | 76 | |
| ESC pressed | 3 | |
| Enter build submenu | 45 | |
| Enter hero's abilities submenu | 5 | |
| Give item / drop item | 3 | |
| Right click | 477 | |
| Select / deselect | 183 | |
| Select group hotkey | 388 | |
| Use ability | 166 | |
1367 total
» units
» upgrades
» buildings
| Altar of Kings | 1 | |
| Lumber Mill | 1 | |
| Farm | 4 | |
| Scout Tower | 53 | |
| Arcane Tower | 5 | |
| Guard Tower | 24 | |
| Arcane Vault | 1 | |
| Keep | 1 | |
| Castle | 1 | |
| Arcane Sanctum | 1 | |
| Blacksmith | 1 | |
93 total
» build order
00:07 Altar of Kings
00:10 Lumber Mill
00:24 Farm
00:59 Farm
01:27 Scout Tower
01:53 Arcane Tower
01:54 Arcane Tower
01:54 Arcane Tower
01:55 Scout Tower
02:17 Scout Tower
02:22 Guard Tower
02:44 Scout Tower
02:49 Guard Tower
02:51 Arcane Vault
02:55 Scout Tower
03:11 Guard Tower
03:26 Guard Tower
03:48 Scout Tower
03:49 Scout Tower
03:59 Keep
04:05 Scout Tower
04:46 Guard Tower
04:49 Scout Tower
04:50 Scout Tower
04:51 Scout Tower
04:53 Scout Tower
04:54 Scout Tower
04:55 Scout Tower
05:30 Guard Tower
05:41 Scout Tower
05:41 Scout Tower
05:43 Scout Tower
05:58 Scout Tower
06:08 Farm
06:12 Farm
06:16 Guard Tower
06:25 Guard Tower
06:28 Scout Tower
06:28 Scout Tower
06:30 Scout Tower
06:34 Scout Tower
06:35 Scout Tower
06:35 Scout Tower
07:17 Guard Tower
07:27 Guard Tower
07:29 Guard Tower
07:37 Guard Tower
07:40 Scout Tower
07:52 Guard Tower
08:21 Castle
08:27 Guard Tower
08:39 Scout Tower
08:40 Scout Tower
08:41 Scout Tower
08:43 Scout Tower
08:44 Scout Tower
08:45 Scout Tower
09:15 Guard Tower
09:18 Guard Tower
09:19 Guard Tower
09:19 Guard Tower
09:19 Guard Tower
09:39 Guard Tower
11:50 Scout Tower
11:50 Scout Tower
11:50 Scout Tower
11:51 Scout Tower
11:52 Scout Tower
11:53 Scout Tower
11:54 Scout Tower
11:56 Scout Tower
11:57 Scout Tower
11:58 Scout Tower
11:59 Scout Tower
12:46 Guard Tower
17:21 Scout Tower
17:22 Scout Tower
17:50 Scout Tower
17:52 Guard Tower
17:54 Guard Tower
18:03 Arcane Sanctum
18:33 Guard Tower
19:47 Scout Tower
19:48 Scout Tower
19:49 Scout Tower
19:50 Scout Tower
19:51 Scout Tower
19:52 Scout Tower
19:52 Scout Tower
19:53 Scout Tower
20:18 Blacksmith
» items
| Lesser Clarity Potion | 1 | |
| Boots of Speed | 2 | |
| Staff of Teleportation | 2 | |
| Healing Salve | 1 | |
| Staff of Sanctuary | 2 | |
| Orb of Lightning | 1 | |
9 total

»
TIMG4STRok (
green | 64 APM | 1375 actions | 21:22)
2 Warden
1 Shadow Strike
1 Blink
2 Pit Lord
1 Rain of Fire
1 Howl of Terror
1 Naga Sea Witch
1 Frost Arrows
» actions
| Assign group hotkey | 3 | |
| Basic commands | 22 | |
| Build / train | 86 | |
| ESC pressed | 5 | |
| Enter build submenu | 19 | |
| Enter hero's abilities submenu | 5 | |
| Give item / drop item | 1 | |
| Remove unit from queue | 1 | |
| Right click | 637 | |
| Select / deselect | 178 | |
| Select group hotkey | 334 | |
| Use ability | 84 | |
1375 total
» units
» upgrades
| Ultravision | 1 | |
| Nature's Blessing | 1 | |
2 total
» buildings
| Altar of Elders | 3 | |
| Moon Well | 9 | |
| Tree of Life | 3 | |
| Tree of Ages | 3 | |
| Hunter's Hall | 2 | |
| Tree of Eternity | 6 | |
| Ancient of Wonders | 2 | |
28 total
» build order
00:12 Altar of Elders
00:19 Moon Well
02:53 Moon Well
02:55 Moon Well
04:55 Moon Well
04:55 Moon Well
05:19 Tree of Life
05:27 Tree of Life
06:38 Tree of Ages
06:38 Tree of Ages
08:25 Hunter's Hall
08:31 Moon Well
08:32 Moon Well
09:58 Hunter's Hall
10:02 Tree of Eternity
10:02 Tree of Eternity
10:51 Ancient of Wonders
11:05 Tree of Life
13:16 Ancient of Wonders
13:56 Tree of Eternity
13:56 Tree of Eternity
13:56 Tree of Eternity
15:21 Altar of Elders
15:22 Altar of Elders
17:01 Moon Well
17:01 Moon Well
» items
| Boots of Speed | 3 | |
| Staff of Teleportation | 3 | |
| Staff of Sanctuary | 3 | |
| Orb of Venom | 1 | |
| Orb of Lightning | 5 | |
15 total
team 2 (loser)
Buttman- (
blue | 65 APM | 1385 actions | 21:16)
3 Archmage
1 Summon Water Elemental
1 Brilliance Aura
1 Blizzard
3 Paladin
1 Holy Light
2 Divine Shield
» actions
| Assign group hotkey | 11 | |
| Basic commands | 7 | |
| Build / train | 57 | |
| Enter build submenu | 18 | |
| Enter hero's abilities submenu | 6 | |
| Give item / drop item | 1 | |
| Right click | 552 | |
| Select / deselect | 280 | |
| Select group hotkey | 413 | |
| Use ability | 40 | |
1385 total
» units
| Peasant | 13 | |
| Flying Machine | 15 | |
| Mortar Team | 1 | |
| Siege Engine | 5 | |
34 total
» upgrades
| Lumber Harvesting | 2 | |
| Gunpowder | 3 | |
| Plating | 4 | |
| Flak Cannons | 1 | |
| Flying Machine Bombs | 1 | |
| Barrage | 1 | |
12 total
» buildings
| Farm | 10 | |
| Altar of Kings | 1 | |
| Lumber Mill | 1 | |
| Keep | 1 | |
| Blacksmith | 1 | |
| Workshop | 3 | |
| Castle | 1 | |
| Town Hall | 1 | |
19 total
» build order
00:20 Farm
00:35 Altar of Kings
00:57 Farm
01:53 Lumber Mill
02:11 Keep
02:19 Farm
03:04 Farm
03:23 Blacksmith
03:47 Farm
04:37 Workshop
04:41 Workshop
04:55 Workshop
05:31 Farm
06:22 Farm
07:05 Farm
07:46 Castle
12:30 Farm
12:51 Farm
14:12 Town Hall
luffy26 (
red | 35 APM | 739 actions | 21:19)
4 Warden
2 Shadow Strike
2 Fan of Knives
» actions
| Assign group hotkey | 21 | |
| Build / train | 66 | |
| Enter build submenu | 14 | |
| Enter hero's abilities submenu | 4 | |
| Remove unit from queue | 3 | |
| Right click | 224 | |
| Select / deselect | 172 | |
| Select group hotkey | 201 | |
| Use ability | 34 | |
739 total
» units
| Wisp | 16 | |
| Huntress | 9 | |
| Glaive Thrower | 24 | |
49 total
» upgrades
| Strength of the Moon | 2 | |
| Moon Armor | 2 | |
| Vorpal Blades | 1 | |
| Sentinel | 1 | |
| Upgrade Moon Glaive | 1 | |
7 total
» buildings
| Altar of Elders | 1 | |
| Moon Well | 7 | |
| Hunter's Hall | 1 | |
| Ancient of War | 3 | |
| Tree of Ages | 1 | |
| Tree of Life | 1 | |
| Tree of Eternity | 1 | |
15 total
» build order
00:04 Altar of Elders
00:05 Moon Well
01:07 Hunter's Hall
01:33 Ancient of War
01:51 Moon Well
02:44 Moon Well
04:59 Ancient of War
05:11 Ancient of War
05:38 Tree of Ages
07:15 Tree of Life
07:40 Moon Well
08:36 Moon Well
09:36 Moon Well
13:34 Moon Well
16:39 Tree of Eternity
Ram_Hamar (
teal | 25 APM | 530 actions | 21:21)
4 Archmage
1 Summon Water Elemental
2 Brilliance Aura
1 Blizzard
» actions
| Assign group hotkey | 2 | |
| Basic commands | 5 | |
| Build / train | 48 | |
| Enter build submenu | 18 | |
| Enter hero's abilities submenu | 4 | |
| Right click | 249 | |
| Select / deselect | 175 | |
| Use ability | 29 | |
530 total
» units
| Peasant | 8 | |
| Footman | 5 | |
| Priest | 1 | |
| Sorceress | 1 | |
| Mortar Team | 10 | |
| Knight | 4 | |
29 total
» upgrades
| Swords | 3 | |
| Lumber Harvesting | 2 | |
| Gunpowder | 2 | |
| Fragmentation Shards | 1 | |
| Flare | 1 | |
| Animal War Training | 1 | |
| Armor | 1 | |
| Plating | 1 | |
12 total
» buildings
| Altar of Kings | 1 | |
| Farm | 11 | |
| Barracks | 2 | |
| Lumber Mill | 1 | |
| Keep | 1 | |
| Blacksmith | 1 | |
| Castle | 1 | |
| Arcane Sanctum | 1 | |
| Workshop | 2 | |
21 total
» build order
00:14 Altar of Kings
00:24 Farm
00:40 Barracks
00:57 Farm
01:22 Farm
02:01 Farm
03:08 Lumber Mill
04:34 Keep
04:40 Blacksmith
05:59 Barracks
06:55 Castle
07:00 Arcane Sanctum
08:06 Workshop
08:14 Workshop
10:07 Farm
10:13 Farm
10:27 Farm
10:50 Farm
10:52 Farm
10:54 Farm
11:52 Farm
Tetsuo79 (
orange | 75 APM | 1598 actions | 21:20)
4 Tauren Chieftain
2 Endurance Aura
2 War Stomp
» actions
| Basic commands | 19 | |
| Build / train | 71 | |
| Enter build submenu | 19 | |
| Enter hero's abilities submenu | 4 | |
| Remove unit from queue | 1 | |
| Right click | 876 | |
| Select / deselect | 519 | |
| Use ability | 89 | |
1598 total
» units
| Peon | 15 | |
| Grunt | 10 | |
| Shaman | 7 | |
| Tauren | 12 | |
| Troll Witch Doctor | 5 | |
49 total
» upgrades
| Melee Weapons | 2 | |
| Armor | 3 | |
| Shaman Training | 2 | |
| Pulverize | 1 | |
| Witch Doctor Training | 2 | |
10 total
» buildings
| Orc Burrow | 6 | |
| Altar of Storms | 1 | |
| Barracks | 1 | |
| War Mill | 1 | |
| Great Hall | 1 | |
| Stronghold | 1 | |
| Voodoo Lounge | 1 | |
| Fortress | 1 | |
| Spirit Lodge | 1 | |
| Tauren Totem | 2 | |
16 total
» build order
00:08 Orc Burrow
00:24 Altar of Storms
01:01 Barracks
01:28 Orc Burrow
01:51 War Mill
02:48 Orc Burrow
04:46 Great Hall
04:54 Stronghold
05:28 Voodoo Lounge
06:25 Orc Burrow
07:38 Fortress
08:12 Spirit Lodge
10:23 Tauren Totem
10:26 Tauren Totem
12:12 Orc Burrow
18:14 Orc Burrow
» items
Chat log
(13:13 / All) BEAR_AND: nope blue
(21:16 / Allies) TIMG4STRok: keep
(21:17 / Allies) TIMG4STRok: making
(21:18 / Allies) TIMG4STRok: towers
(21:19 / Allies) TIMG4STRok: plz